 Dungeon Crawl Stone Soup version 0.30-a0-591-g3c58d2bc28 (webtiles) character file.

Game seed: 16168506394795601861

22448 OTABOTABOTAB the Devastator (level 12, -1/70 HPs)
             Began as a Deep Elf Conjurer on Jan 5, 2023.
             Was an Elder of Vehumet.
             Killed from afar by an oklob plant (12 damage)
             ... with a splash of acid
             ... on level 1 of the Lair of Beasts on Jan 6, 2023.
             The game lasted 00:42:53 (16704 turns).

OTABOTABOTAB the Devastator (Deep Elf Conjurer)    Turns: 16704, Time: 00:42:54

Health: -1/70      AC: 10    Str:  4    XL:     12   Next: 63%
Magic:  15/31      EV: 21    Int: 35    God:    Vehumet [****..]
Gold:   233        SH:  0    Dex: 13    Spells: 26/37 levels left

rFire   . . .      SeeInvis .    j - staff of conjuration
rCold   . . .      Faith    .    (no shield)
rNeg    . . .      Spirit   .    a - +0 robe
rPois   .          Reflect  .    k - +2 helmet
rElec   .          Harm     .    n - +1 cloak
rCorr   .          Rampage  .    C - +0 pair of gloves
Will    +....                    t - +1 pair of boots
Stlth   ++                       G - amulet of regeneration
HPRegen 1.11/turn                R - +6 ring of intelligence
MPRegen 0.22/turn                E - +5 ring of evasion

@: no status effects
A: no striking features
a: Renounce Religion


You were on level 1 of the Lair of Beasts.
You worshipped Vehumet.
Vehumet was greatly pleased with you.
You visited 2 branches of the dungeon, and saw 13 of its levels.
You also visited: Bailey.

You collected 939 gold pieces.
You spent 706 gold pieces at shops.

Inventory:

Missiles
 d - 6 throwing nets {!d}
 l - 8 javelins
 o - 6 boomerangs
 r - 3 curare-tipped darts
 s - 116 stones
 M - 6 silver boomerangs
 T - 22 poisoned darts
Armour
 a - a +0 robe (worn)
 k - a +2 helmet (worn)
   (You found it on level 6 of the Dungeon)
 n - a +1 cloak (worn)
   (You found it on level 5 of the Dungeon)
 t - a +1 pair of boots (worn)
   (You found it on level 3 of the Dungeon)
 C - a +0 pair of gloves (worn)
   (You found it on level 5 of the Dungeon)
Magical Staves
 f - a staff of poison {rPois}
   (You found it on level 9 of the Dungeon)
 j - a staff of conjuration (weapon)
   (You acquired it on level 9 of the Dungeon)
 m - a staff of air {rElec}
   (You found it on level 7 of the Dungeon)
 W - a staff of death {rN+}
   (You found it on level 1 of the Lair of Beasts)
Jewellery
 c - a ring of ice {rC+, rF-}
   (You found it on level 6 of the Dungeon)
 A - a +4 ring of protection
   (You found it on level 11 of the Dungeon)
 E - a +5 ring of evasion (right hand)
   (You found it on level 2 of the Dungeon)
 F - a ring of protection from fire {rF+, !d}
   (You found it on level 3 of the Dungeon)
 G - an amulet of regeneration (around neck)
   (You found it on level 11 of the Dungeon)
 R - a +6 ring of intelligence (left hand)
   (You found it on level 1 of the Dungeon)
 V - a ring of see invisible {sInv, !d}
   (You found it on level 6 of the Dungeon)
Wands
 e - a wand of charming (5)
   (You found it on level 5 of the Dungeon)
 i - a wand of iceblast (20)
   (You found it on level 7 of the Dungeon)
 q - a wand of flame (39)
   (You found it on level 3 of the Dungeon)
 y - a wand of mindburst (13)
   (You took it off an orc priest on level 8 of the Dungeon)
 z - a wand of light (22)
   (You found it on level 4 of the Dungeon)
Scrolls
 b - 3 scrolls of identify {@r1}
 D - 2 scrolls of blinking {!r}
 K - 2 scrolls of noise {!r}
 N - 2 scrolls of brand weapon
 O - a scroll of silence
 S - a scroll of enchant weapon
 U - a scroll of enchant armour
 Y - 5 scrolls of teleportation {@r3}
Potions
 h - a potion of degeneration {!q}
 p - 2 potions of resistance {unknown}
 u - a potion of heal wounds {unknown}
 v - a potion of mutation {unknown}
 w - 2 potions of berserk rage {unknown}
 x - 4 potions of cancellation
 B - 2 potions of brilliance
 H - 3 potions of haste
 I - a potion of invisibility
 J - 6 potions of curing {@q1}
 L - 2 potions of flight
 P - a potion of lignification {!q}
Miscellaneous
 g - a tin of tremorstones (2/2)
   (You found it on level 10 of the Dungeon)
 Q - a piece from Xom's chessboard (15/15)
   (You found it on level 7 of the Dungeon)


   Skills:
 + Level 6.0 Fighting
 + Level 6.8 Staves
 + Level 9.2 Dodging
 - Level 2.4 Stealth
 - Level 13.4 Spellcasting
 - Level 15.4 Conjurations
 - Level 3.0 Hexes
 - Level 3.0 Translocations


You had 26 spell levels left.
You knew the following spells:

 Your Spells              Type           Power      Damage    Failure   Level
a - Magic Dart            Conj           100%       1d8       0%          1
b - Searing Ray           Conj           100%       2d8       0%          2
c - Fulminant Prism       Conj/Hex       46%        3d21      1%          4
x - Iskenderun's Mystic   Conj/Tloc      93%        2d18      1%          4

Your spell library contained the following spells:

 Spells                   Type           Power      Damage    Failure   Level
 Irradiate                Conj/Tmut      43%        3d26      1%          5
 Sandblast                Erth           46%        2d11      1%          1
 Dazzling Flash           Conj/Hex       100%       N/A       1%          3
 Portal Projectile        Hex/Tloc       88%        N/A       1%          3
 Stone Arrow              Conj/Erth      100%       3d13      1%          3
 Tukima's Dance           Hex            44%        N/A       1%          3
 Passwall                 Tmut/Erth      19%        N/A       2%          2
 Call Canine Familiar     Summ           23%        N/A       5%          3
 Leda's Liquefaction      Hex/Erth       17%        N/A       10%         4
 Silence                  Hex/Air        17%        N/A       26%         5
 Agony                    Necr           23%        N/A       43%         5
 Blade Hands              Tmut           11%        N/A       43%         5


Dungeon Overview and Level Annotations

Branches:
Dungeon (12/15)            Temple (0/1) D:5            Lair (1/5) D:10
 Bailey (visited)
    Orc: D:9-12

Altars:
Cheibriados
Dithmenos
Elyvilon
Kikubaaqudgha
Nemelex Xobeh
Okawaru
Trog
Vehumet

Shops:
D:3 !*:   D:8 ((   D:9 (??*

Annotations:
Lair:1 exclusion: 2 oklob plants


Message History

The mystic blast hits the water moccasin!!
You kill the water moccasin!
Vehumet accepts your kill.
You feel your power returning.
The mystic blast hits the plant!
You now have 18/31 mp.
You feel a surge of power!
You erupt in a blast of force!
The mystic blast hits the komodo dragon but does no damage.
The mystic blast hits the plant!!
You now have 14/31 mp.
You feel a surge of power!
You erupt in a blast of force!
The mystic blast hits the komodo dragon!!
You kill the komodo dragon!
Vehumet accepts your kill.
You feel your power returning.
The mystic blast hits the plant!!
A nearby plant withers and dies.
Your Fighting skill increases to level 6!
Health restored: 70 You now have 12/31 mp.
You start resting.
MP restored: 31 Unknown command.
You see here a water moccasin corpse.
Found a stone staircase leading down.
You now have 233 gold pieces (gained 18).
There is a stone staircase leading down here.
Found an escape hatch in the floor.
An oklob plant comes into view.
Unknown command.
You feel a surge of power!
You conjure a prism of explosive energy!
A fulminant prism comes into view.
You now have 27/31 mp.
You feel a surge of power!
You conjure a prism of explosive energy!
A fulminant prism comes into view.
The oklob plant spits acid at you. The splash of acid hits you!
The acid corrodes you!
Your fulminant prism crackles loudly.
You take 7 damage, and have 63/70 hp.
You now have 23/31 mp.
Your fulminant prism crackles loudly.
The blast of energy engulfs your fulminant prism!!
The blast of energy engulfs the oklob plant!!
You regained 2 hp, and now have 65/70 hp.
The blast of energy engulfs the plant!!
The plant begins to die.
The blast of energy engulfs the plant!!!
The plant begins to die.
The blast of energy engulfs the plant!!
The plant begins to die.
The blast of energy engulfs the plant!!
The plant begins to die.
The blast of energy engulfs the oklob plant!!
You destroy the oklob plant!
Vehumet accepts your kill.
The blast of energy engulfs the plant!!!
The plant begins to die.
The blast of energy engulfs the bush!!
The blast of energy engulfs the plant!!!
The plant begins to die.
You start resting.
A nearby plant withers and dies. x2
Health restored: 70 A nearby plant withers and dies. x4 2 oklob plants come into view.
The oklob plant spits acid at you. The splash of acid hits you!!
You take 27 damage, and have 43/70 hp.
MASSIVE DAMAGE!!
You feel a surge of power!
You conjure a prism of explosive energy!
A fulminant prism comes into view.
You now have 21/31 mp.
You feel a surge of power!
You conjure a prism of explosive energy!
A fulminant prism comes into view.
Your fulminant prism crackles loudly.
The oklob plant spits acid at you.
The splash of acid hits your fulminant prism!!
The acid corrodes your fulminant prism!
You regained 2 hp, and now have 46/70 hp.
You now have 17/31 mp.
The blast of energy engulfs the bush!!
The blast of energy engulfs the plant!!!
The plant begins to die.
The blast of energy engulfs the bush!!
The blast of energy engulfs your fulminant prism!!!
The blast of energy engulfs the bush.
You are no longer corroded.
Really walk into a travel-excluded area?
A nearby plant withers and dies. x3
You feel a surge of power!
You conjure a prism of explosive energy!
A fulminant prism comes into view.
The oklob plant spits acid at you. The splash of acid hits you!!
You take 19 damage, and have 33/70 hp.
MASSIVE DAMAGE!!
You now have 15/31 mp.
Your fulminant prism crackles loudly.
The oklob plant spits acid at you. The splash of acid hits you!!
* * * LOW HITPOINT WARNING * * *
The oklob plant spits acid at you. The splash of acid hits you!
You die...

######## # ###
##P.....#.## ###
#.#####...........
..#####.................
...##...........@.......
....#...................
........................
....#................P..
....##.............>....
..#####.........PP).P*!P
.## #P.........PP$..P.
## ##...........P.P...
#P...........


You could see 2 oklob plants and a friendly fulminant prism.

Vanquished Creatures
  Harold (D:9)
  A centaur warrior (D:10)
  A boulder beetle (D:11)
  2 two-headed ogres
  Urug (Lair:1)
  Sonja (D:10)
  Nergalle (Lair:1)
  Pikel (D:4)
  A cyclops (D:11)
  An oklob plant (Lair:1)
  A manticore (D:12)
  Joseph (D:10)
  An ice statue (D:8)
  An unseen horror (D:11)
  A gargoyle (D:11)
  2 cane toads (Lair:1)
  2 kobold demonologists (D:11)
  3 komodo dragons
  6 ice devils (D:8)
  A queen bee (D:10)
  A troll (D:11)
  Grinder (D:4)
  2 vampires
  22 yaks
  2 wraiths
  A basilisk (D:11)
  Eustachio (D:4)
  3 swamp worms (D:7)
  2 acid dragons
  2 water moccasins (Lair:1)
  A floating eye (Lair:1)
  6 orc warriors
  An ice beast (D:5)
  A sky beast (D:8)
  8 centaurs
  6 wolves (Bailey)
  2 lemures
  7 bullfrogs
  4 kobold brigands
  10 gnoll sergeants
  4 scorpions
  31 killer bees
  3 howler monkeys
  4 hounds
  3 jellies
  7 gnoll boudas
  5 orc priests
  9 iguanas
  8 orc wizards
  31 gnolls
  8 adders
  2 river rats (D:4)
  A shadow imp (D:5)
  2 white imps
  6 ufetubi (D:8)
  A dart slug (D:2)
  5 worms (D:2)
  38 orcs
  10 endoplasms
  A giant cockroach (D:2)
  6 goblins
  6 hobgoblins
  4 quokkas
  6 ball pythons
  4 bats
  5 frilled lizards
  17 kobolds
  7 rats
  A fulminant prism (Lair:1)
348 creatures vanquished.

Vanquished Creatures (others)
  165 fulminant prisms
  A fungus (Lair:1)
  25 plants
191 creatures vanquished.

Grand Total: 539 creatures vanquished

Notes
Turn   | Place    | Note
-------+----------+-------------------------------------------
     0 | D:1      | OTABOTABOTAB the Deep Elf Conjurer began the quest for the
                  | Orb.
     0 | D:1      | Reached XP level 1. HP: 10/10 MP: 6/6
   297 | D:1      | Found a faded altar of an unknown god.
   386 | D:1      | Reached XP level 2. HP: 15/15 MP: 6/8
  1206 | D:2      | Reached skill level 5 in Conjurations
  1419 | D:2      | Reached XP level 3. HP: 19/19 MP: 6/10
  1422 | D:2      | Learned a level 2 spell: Searing Ray
  1579 | D:2      | Found an ancient bone altar of Kikubaaqudgha.
  1890 | D:2      | Reached skill level 4 in Spellcasting
  1987 | D:3      | Found Ypoun's Assorted Antiques.
  2000 | D:3      | Reached XP level 4. HP: 24/24 MP: 8/12
  2105 | D:3      | Bought a scroll labelled KAXZUI POILEA for 30 gold pieces
  2136 | D:3      | Found Fagoq's Book Boutique.
  2814 | D:3      | Found Sicek's Distillery.
  2980 | D:4      | Noticed a lemure
  2980 | D:4      | Noticed a lemure
  2981 | D:4      | Noticed Pikel
  2989 | D:3      | Learned a level 4 spell: Fulminant Prism
  2994 | D:3      | Learned a level 4 spell: Iskenderun's Mystic Blast
  2995 | D:4      | Noticed a lemure
  2999 | D:4      | Noticed a lemure
  3004 | D:4      | Killed a lemure
  3126 | D:3      | Killed a lemure
  3241 | D:4      | Reached skill level 6 in Conjurations
  3241 | D:4      | Noticed Eustachio
  3350 | D:4      | Reached skill level 1 in Hexes
  3350 | D:4      | Reached XP level 5. HP: 15/28 MP: 0/13
  3716 | D:4      | Reached skill level 1 in Translocations
  4008 | D:4      | Killed Eustachio
  4009 | D:4      | Reached skill level 5 in Spellcasting
  4009 | D:4      | Reached skill level 2 in Hexes
  4009 | D:4      | Reached XP level 6. HP: 32/32 MP: 5/15
  4218 | D:4      | Noticed Grinder
  4240 | D:4      | Reached skill level 2 in Translocations
  4240 | D:4      | HP: 6/32 [poisoned by a scorpion]
  4246 | D:4      | Killed Grinder
  4247 | D:4      | Reached skill level 7 in Conjurations
  4247 | D:4      | Reached skill level 3 in Hexes
  4247 | D:4      | Reached XP level 7. HP: 18/36 MP: 2/17
  4376 | D:4      | HP: 9/36 [Pikel/+1 whip of freezing (5)]
  4377 | D:4      | Killed Pikel
  4378 | D:4      | Reached skill level 7 in Spellcasting
  4378 | D:4      | Reached skill level 8 in Conjurations
  4378 | D:4      | Reached skill level 3 in Translocations
  4378 | D:4      | Reached XP level 8. HP: 9/41 MP: 1/21
  4673 | D:4      | Found a radiant altar of Vehumet.
  4785 | D:4      | Became a worshipper of Vehumet
  5143 | D:5      | Entered Level 5 of the Dungeon
  5224 | D:5      | Reached skill level 9 in Conjurations
  5467 | D:5      | Reached skill level 8 in Spellcasting
  6071 | D:5      | Found a white marble altar of Elyvilon.
  6075 | D:5      | Found a sparkling altar of Nemelex Xobeh.
  6078 | D:5      | Found a snail-covered altar of Cheibriados.
  6332 | D:5      | Found a staircase to the Ecumenical Temple.
  6595 | D:6      | Reached skill level 10 in Conjurations
  7292 | D:6      | Found a bloodstained altar of Trog.
  7626 | D:7      | Reached skill level 9 in Spellcasting
  7626 | D:7      | Reached XP level 9. HP: 45/45 MP: 14/24
  7864 | D:7      | Reached skill level 11 in Conjurations
  8056 | D:7      | Found a shadowy altar of Dithmenos.
  8097 | D:7      | Found an iron altar of Okawaru.
  8347 | D:8      | Reached * piety under Vehumet
  8347 | D:8      | Offered knowledge of Freeze by Vehumet.
  8349 | D:8      | Noticed an ice devil
  8445 | D:8      | Found Vythro's Weapon Boutique.
  8506 | D:8      | Found Feqivoz's Weapon Boutique.
  8537 | D:8      | Reached skill level 10 in Spellcasting
  8695 | D:8      | Noticed a two-headed ogre
  8701 | D:8      | Killed a two-headed ogre
  8702 | D:8      | Reached skill level 12 in Conjurations
  9017 | D:8      | Offered knowledge of Momentum Strike by Vehumet.
  9057 | D:8      | Reached ** piety under Vehumet
  9204 | D:8      | Noticed an ice devil
  9207 | D:8      | Noticed an ice devil
  9208 | D:8      | Noticed an ice devil
  9208 | D:8      | Noticed an ice statue
  9211 | D:8      | Noticed an ice devil
  9213 | D:8      | Reached skill level 11 in Spellcasting
  9213 | D:8      | Noticed an ice devil
  9215 | D:8      | Killed an ice devil
  9227 | D:8      | Killed an ice devil
  9228 | D:8      | Reached skill level 13 in Conjurations
  9228 | D:8      | Reached XP level 10. HP: 50/50 MP: 7/27
  9433 | D:8      | HP: 10/50 [orc priest/divine providence (9)]
  9932 | D:8      | Killed an ice statue
  9944 | D:8      | Reached skill level 12 in Spellcasting
 10781 | D:8      | Reached skill level 14 in Conjurations
 11150 | D:9      | Offered knowledge of Poisonous Vapours by Vehumet.
 11171 | D:9      | Found a flagged portal.
 11180 | Bailey   | Entered a bailey
 11189 | Bailey   | Reached *** piety under Vehumet
 11274 | Bailey   | Reached skill level 15 in Conjurations
 11296 | Bailey   | Reached XP level 11. HP: 41/54 MP: 8/29
 11298 | Bailey   | Offered knowledge of Ignite Poison by Vehumet.
 11421 | Bailey   | Reached skill level 13 in Spellcasting
 11923 | D:9      | Noticed Harold
 11933 | D:9      | Killed Harold
 11937 | D:9      | Noticed a two-headed ogre
 11951 | D:9      | Killed a two-headed ogre
 11952 | D:9      | Reached skill level 1 in Fighting
 11952 | D:9      | Reached skill level 3 in Dodging
 12088 | D:9      | Found Hinast's Weapon Emporium.
 12109 | D:9      | Found Akku's Magic Scroll Shop.
 12141 | D:9      | Reached **** piety under Vehumet
 12298 | D:9      | Offered knowledge of Lee's Rapid Deconstruction by Vehumet.
 12482 | D:9      | Found Esoyn's General Store.
 12497 | D:9      | Found Sixieh's Magic Scroll Emporium.
 12502 | D:9      | Bought a scroll of acquirement for 676 gold pieces
 12502 | D:9      | Acquired a staff of conjuration
 13031 | D:9      | Reached skill level 4 in Dodging
 13088 | D:10     | Entered Level 10 of the Dungeon
 13092 | D:10     | Reached skill level 2 in Fighting
 13093 | D:10     | Reached skill level 1 in Staves
 13130 | D:10     | Noticed a centaur warrior
 13141 | D:10     | Killed a centaur warrior
 13142 | D:10     | Reached skill level 2 in Staves
 13142 | D:10     | Reached skill level 5 in Dodging
 13295 | D:10     | Found a staircase to the Lair.
 13568 | D:10     | Noticed Sonja
 13571 | D:10     | Killed Sonja
 13572 | D:10     | Reached skill level 3 in Fighting
 13579 | D:10     | Reached skill level 3 in Staves
 13600 | D:10     | Noticed Joseph
 13611 | D:10     | Killed Joseph
 13961 | D:10     | Reached skill level 6 in Dodging
 14423 | D:11     | You fall into a shaft and drop 1 floor!
 14456 | D:12     | Reached skill level 4 in Staves
 14465 | D:12     | Reached skill level 4 in Fighting
 14655 | D:11     | Reached ***** piety under Vehumet
 14656 | D:11     | Reached skill level 7 in Dodging
 14656 | D:11     | Reached XP level 12. HP: 67/67 MP: 26/31
 14658 | D:11     | Offered knowledge of Irradiate by Vehumet.
 14793 | D:11     | Identified the +0 leather armour "Pyokof" {Dex+4}
 14839 | D:11     | Reached skill level 5 in Staves
 15173 | D:11     | Reached skill level 5 in Fighting
 15450 | D:11     | Reached skill level 8 in Dodging
 15599 | D:11     | Noticed a boulder beetle
 15604 | D:11     | Killed a boulder beetle
 15868 | D:11     | Reached skill level 6 in Staves
 16001 | Lair:1   | Entered Level 1 of the Lair of Beasts
 16147 | Lair:1   | Noticed Urug
 16165 | Lair:1   | Killed Urug
 16415 | Lair:1   | Noticed Nergalle
 16424 | Lair:1   | Killed Nergalle
 16425 | Lair:1   | Reached skill level 9 in Dodging
 16542 | Lair:1   | Reached skill level 6 in Fighting
 16704 | Lair:1   | HP: 11/70 [oklob plant/splash of acid (23)]
 16704 | Lair:1   | Killed from afar by an oklob plant

Illustrated notes

Levels and vault maps discovered:
D:1:      kilobyte_arrival_exit_the_forest, layout_basic,
          ebering_ecumenical_altar_sacrificial
D:2:      layout_rooms, basic_altar
D:3:      layout_basic, serial_shops, nicolae_shop_statue_plus, shop,
          nicolae_shop_hallway_stairs
D:4:      layout_rooms, vehumet_crystals, portal_sewer_entry_e, uniq_pikel,
          uniq_eustachio, uniq_grinder
D:5:      layout_loops_cross, grunt_temple_overflow_diamond, temple_hall
D:6:      layout_basic, lightli_temple_of_fire, amcnicky_mini_pool_small,
          hangedman_decor_slide_cut
D:7:      layout_basic, grunt_temple_overflow_open, worms_lemuel
D:8:      cheibrodos_frozen_isle, layout_rooms, serial_shops, shop,
          nicolae_stop_n_shop_2, nicolae_fountain_basement
D:9:      layout_grid_maze, serial_shops, nicolae_shop_hallway_plus, shop,
          kennysheep_mini_moat, shop, enter_bailey_5, uniq_harold
D:10:     nicolae_BIG_FREAKIN_CUBE, layout_basic, special_room
          [special_room_bee], minmay_misc_feat_tiny, uniq_sonja, uniq_joseph
D:11:     layout_loops_corners, minmay_lizard_king
D:12:     layout_irregular_city, erik_orc_4,
          nicolae_gozag_cash_rules_everything_around_me
Lair:1:   layout_gridlike, disabler_island, uniq_urug, uniq_nergalle

Skill      XL: |  1  2  3  4  5  6  7  8  9 10 11 12 |
---------------+-------------------------------------+-----
Conjurations   | 5 6 7 8 10 13 15 | 15.4
Spellcasting   | 4 5 7 9 11 12 13 | 13.4
Hexes          | 1 2 3 |  3.0
Translocations | 1 2 3 |  3.0
Fighting       | 4 6 |  6.0
Dodging        | 7 9 |  9.2
Staves         | 4 6 |  6.8
Stealth        | |  2.4

Action                   |  1- 3 |  4- 6 |  7- 9 | 10-12 || total
-------------------------+-------+-------+-------+-------++-------
Melee: Short sword       |    17 |     6 |     5 |       ||    28
       Glaive            |       |       |       |     4 ||     4
       Staff             |       |       |       |     1 ||     1
 Fire: Sling             |     4 |       |       |       ||     4
 Cast: Magic Dart        |    66 |    34 |    88 |    46 ||   234
       Searing Ray       |     2 |     4 |    32 |    17 ||    55
       Iskenderun's Myst |       |    16 |    14 |    68 ||    98
       Fulminant Prism   |       |    13 |    31 |   123 ||   167
  Use: Potion            |       |     5 |     1 |     2 ||     8
       Scroll            |       |       |       |    21 ||    21
Armor: Robe              |     2 |     4 |     9 |    12 ||    27
Dodge: Dodged            |     7 |    19 |    32 |    80 ||   138

Table legend: (Time is in decaauts)
 A = Elapsed time spent in this place.
 B = Non-inter-level travel time spent in this place.
 C = Inter-level travel time spent in this place.
 D = Time resting spent in this place.
 E = Time spent auto-exploring this place.
 F = Levels seen in this place.
 G = Mean time per level.
                   A        B        C        D        E       F      G
               +--------+--------+--------+--------+--------+-----+--------+
         Total |  16742 |  15962 |    780 |   4276 |   9602 |  14 | 1195.9 |
       Dungeon |  15310 |  14530 |    780 |   3747 |   9137 |  12 | 1275.8 |
          Lair |    702 |    702 |      0 |    249 |    296 |   1 |  702.0 |
        Bailey |    729 |    729 |      0 |    280 |    169 |   1 |  729.0 |
               +--------+--------+--------+--------+--------+-----+--------+

Top non-repeatable levels by time:
     D:8: 2281 daAuts
     D:3: 2054 daAuts
    D:11: 1473 daAuts
     D:9: 1472 daAuts
     D:4: 1342 daAuts
     D:7: 1316 daAuts
    D:10: 1208 daAuts
     D:1: 1091 daAuts
     D:5: 1047 daAuts
     D:6: 1038 daAuts
     D:2: 863 daAuts
  Bailey: 729 daAuts
  Lair:1: 702 daAuts
    D:12: 117 daAuts

Table legend:
 A = Kills in this place as a percentage of kills in entire the game.
 B = Kills by you in this place as a percentage of kills by you in the entire game.
 C = Kills by friends in this place as a percentage of kills by friends in the entire game.
 D = Other kills in this place as a percentage of other kills in the entire game.
 E = Experience gained in this place as a percentage of experience gained in the entire game.
 F = Experience gained in this place divided by the number of levels of this place that you have seen.
                   A       B       C       D       E      F
               +-------+-------+-------+-------+-------+----------------------
         Total | 100.0 | 100.0 |   N/A |   N/A | 100.0 | 2290.6
       Dungeon |  85.8 |  85.8 |   N/A |   N/A |  81.7 | 2184.4
          Lair |   3.2 |   3.2 |   N/A |   N/A |  12.2 | 3915.0
        Bailey |  11.0 |  11.0 |   N/A |   N/A |   6.1 | 1941.0
               +-------+-------+-------+-------+-------+----------------------
